AoeStats
← Orangetang

Fortress

509297933Analyzed
4v4 RM · 5d ago on Sep 26, 2026· 64m 41s· 8 players
Game mode
Random Map
Map size
Huge
Population
200
Speed
Normal
Resources
Standard
Victory
Conquest
Starting age
Dark Age
Ending age
Imperial Age
RankedLock teamsTeams togetherTeam positionsShared explorationLock speedFull tech treeHidden civsTurbo modeCheats
Victory
Defeat
🇨🇦 Khmer · Canada
691
+15
🇬🇧 Slavs · United Kingdom
657
+17
🇳🇴 Franks · Norway
587
+20
🇫🇷 Cumans · France
486
+24
🇨🇳 Byzantines · China
737
-21
🇨🇴 Goths · Colombia
717
-21
🇮🇩 Saxons · Indonesia
638
-18
🇹🇼 Persians · Taiwan
593
-16
bensigvald
0:41 Loom
7:53 Feudal Age
9:27 Wheelbarrow
8:38 Town Watch
12:08 Double-Bit Axe
18:14 Castle Age
18:22 Stone Mining
18:22 Gold Mining
25:47 Gold Shaft Mining
25:20 Husbandry
25:30 Scale Barding Armor
25:26 Scale Mail Armor
25:26 Padded Archer Armor
25:17 Fletching
26:42 Bow Saw
29:07 Caravan
29:48 Fortified Wall
29:33 Murder Holes
35:19 Imperial Age
36:07 Hand Cart
37:17 Chivalry
37:37 Conscription
39:14 Chemistry
39:11 Cavalier
40:15 Chain Barding Armor
40:10 Chain Mail Armor
48:40 Forging
52:47 Plate Barding Armor
52:43 Plate Mail Armor
52:28 Leather Archer Armor
52:09 Bodkin Arrow
52:50 Iron Casting
58:24 Town Patrol
anthony008
1:58 Loom
10:55 Feudal Age
12:16 Wheelbarrow
11:56 Town Watch
13:44 Gold Mining
13:46 Double-Bit Axe
16:24 Castle Age
14:08 Horse Collar
15:43 Stone Mining
17:25 Bow Saw
19:27 Hand Cart
19:33 Hand Cart
19:34 Heavy Plow
20:14 Gold Shaft Mining
21:51 Caravan
26:25 Imperial Age
25:06 Town Patrol
25:18 Pikeman
25:58 Squires
28:23 Scale Mail Armor
31:16 Conscription
32:28 Two-Man Saw
33:27 Crop Rotation
34:45 Hoardings
34:13 Steppe Husbandry
33:46 Sappers
35:02 Forging
35:08 Chain Mail Armor
36:30 Coinage
36:11 Guilds
38:14 Masonry
38:00 Murder Holes
38:26 Ballistics
39:07 Chemistry
38:44 Banking
38:54 Iron Casting
38:49 Plate Mail Armor
38:26 Scale Barding Armor
38:22 Halberdier
40:01 Elite Kipchak
41:56 Blast Furnace
40:48 Fletching
40:59 Padded Archer Armor
41:17 Capped Ram
43:02 Cuman Mercenaries
44:47 Chain Barding Armor
44:43 Leather Archer Armor
44:24 Bodkin Arrow
46:57 Man-at-Arms
48:15 Long Swordsman
49:39 Plate Barding Armor
49:35 Ring Archer Armor
49:40 Two-Handed Swordsman
51:01 Champion
Orangetang
7:34 Feudal Age
8:33 Double-Bit Axe
8:31 Horse Collar
14:44 Castle Age
13:28 Stone Mining
17:50 Bow Saw
17:42 Heavy Plow
17:36 Gold Mining
21:39 Wheelbarrow
20:50 Town Watch
20:51 Loom
24:07 Caravan
29:14 Imperial Age
29:01 Hand Cart
28:54 Town Patrol
29:37 Stone Shaft Mining
29:42 Gold Shaft Mining
30:10 Double Crossbow
31:50 Forging
31:56 Fletching
32:14 Scale Barding Armor
33:00 Murder Holes
33:26 Ballistics
33:17 Fortified Wall
33:07 Bodkin Arrow
34:09 Crop Rotation
36:15 Elite Ballista Elephant
39:05 Conscription
39:55 Chain Barding Armor
40:14 Iron Casting
39:53 Masonry
44:03 Husbandry
44:13 Bloodlines
43:23 Light Cavalry
43:24 Cavalier
54:51 Plate Barding Armor
55:19 Blast Furnace
54:20 Bracer
54:53 Architecture
54:29 Siege Engineers
athmaniac
1:09 Loom
8:40 Feudal Age
10:48 Horse Collar
13:49 Castle Age
11:45 Double-Bit Axe
15:01 Heavy Plow
15:13 Stone Mining
20:03 Bow Saw
21:51 Gold Mining
30:19 Imperial Age
27:57 Pikeman
28:37 Squires
28:01 Man-at-Arms
28:45 Detinets
28:55 Scale Mail Armor
29:06 Forging
31:01 Halberdier
32:04 Conscription
32:21 Hoardings
32:12 Chain Mail Armor
33:20 Long Swordsman
34:35 Plate Mail Armor
34:41 Iron Casting
35:29 Caravan
37:17 Two-Man Saw
37:12 Wheelbarrow
36:25 Elite Boyar
38:43 Crop Rotation
39:18 Blast Furnace
39:40 Scale Barding Armor
39:01 Two-Handed Swordsman
40:01 Champion
42:39 Druzhina
51:01 Chain Barding Armor
BlueGuardian
9:53 Feudal Age
15:05 Castle Age
13:15 Double-Bit Axe
13:13 Horse Collar
14:30 Scale Mail Armor
14:42 Gold Mining
15:49 Wheelbarrow
16:01 Heavy Plow
15:40 Pikeman
17:22 Bow Saw
18:15 Forging
20:22 Chain Mail Armor
21:27 Town Watch
25:55 Imperial Age
23:49 Squires
25:01 Gold Shaft Mining
24:18 Gambesons
26:15 Iron Casting
25:51 Arson
28:21 Plate Mail Armor
29:00 Elite Varangian Guard
30:28 Siege Engineers
30:42 Stone Mining
33:52 Hand Cart
33:42 Shield Wall
34:43 Murder Holes
42:35 Fortified Wall
miss pang pang
7:19 Feudal Age
8:49 Double-Bit Axe
11:21 Castle Age
9:59 Horse Collar
10:55 Loom
12:24 Bow Saw
18:55 Heavy Plow
20:26 Wheelbarrow
19:45 Gold Mining
21:32 Stone Mining
23:49 Hand Cart
24:37 Caravan
27:08 Imperial Age
26:05 Gold Shaft Mining
26:08 Stone Shaft Mining
25:57 Pikeman
26:38 Squires
26:52 Forging
26:42 Scale Mail Armor
26:33 Fletching
26:44 Padded Archer Armor
27:31 Husbandry
27:19 Arson
27:20 Gambesons
29:23 Two-Man Saw
29:26 Crop Rotation
29:49 Iron Casting
29:29 Chain Mail Armor
29:30 Guilds
29:45 Halberdier
29:49 Heavy Camel Rider
30:52 Elite Skirmisher
31:38 Thumb Ring
31:58 Ballistics
31:15 Light Cavalry
32:57 Chemistry
31:38 Treadmill Crane
31:59 Bodkin Arrow
32:19 Leather Archer Armor
32:35 Plate Mail Armor
33:25 Murder Holes
33:13 Elite Varangian Guard
35:21 Fortified Wall
35:34 Bombard Tower
35:48 Coinage
34:43 Man-at-Arms
34:46 Cavalier
34:49 Hussar
36:29 Conscription
36:24 Logistica
36:53 Hoardings
37:48 Long Swordsman
37:50 Paladin
37:54 Elite Cataphract
38:43 Two-Handed Swordsman
38:46 Crossbowman
39:40 Champion
40:42 Greek Fire
41:32 Banking
42:20 Guard Tower
42:15 Arrowslits
42:00 Arbalester
43:50 Keep
54:41 Scale Barding Armor
54:38 Bracer
55:08 Ring Archer Armor
Fulgur
1:36 Loom
7:56 Feudal Age
12:27 Town Watch
13:19 Wheelbarrow
14:49 Horse Collar
14:57 Double-Bit Axe
18:36 Castle Age
20:28 Hand Cart
21:27 Bow Saw
21:15 Gold Mining
22:36 Caravan
24:23 Forging
24:14 Scale Mail Armor
24:19 Squires
29:11 Anarchy
31:08 Iron Casting
30:49 Chain Mail Armor
31:45 Heavy Plow
34:43 Murder Holes
38:38 Imperial Age
36:09 Town Patrol
36:44 Masonry
36:16 Treadmill Crane
41:08 Blast Furnace
40:33 Conscription
40:14 Perfusion
39:35 Elite Huskarl
40:28 Pikeman
45:49 Halberdier
46:06 Heavy Scorpion
62:52 Ballistics
63:33 Chemistry
64:57 Guilds
allenchien1968
2:45 Loom
10:00 Feudal Age
10:16 Horse Collar
10:23 Double-Bit Axe
16:36 Castle Age
21:01 Bow Saw
22:57 Husbandry
23:07 Scale Barding Armor
23:13 Forging
26:06 Heavy Plow
30:02 Imperial Age
29:49 Ballistics
30:32 Chain Barding Armor
31:30 Light Cavalry
34:42 Two-Man Saw
35:17 Chemistry
34:31 Bloodlines
35:40 Guard Tower
35:28 Cavalier
37:04 Town Watch
38:05 Wheelbarrow
42:01 Town Patrol
42:21 Hand Cart
44:04 Savar
47:34 Pikeman
48:00 Gambesons
48:26 Hussar
51:30 Conscription
51:21 Citadels
51:10 Heavy Camel Rider
54:14 Pikeman
54:40 Arson
Connection lost

Rejoining the realm…

Still unreachable

The connection could not be restored.

Session expired

The server has moved on; the page needs a fresh start.